 Dungeon Crawl Stone Soup version 0.30.1-6-gbe392663c4 (webtiles) character file.

Game seed: 13756985856956225213

49 monsoonserge the Trooper (level 3, 0/29 HPs)
             Began as a Demonspawn Monk on Sept 20, 2023.
             Slain by Terence
             ... wielding a +2 flail of protection
              (8 damage)
             ... on level 2 of the Dungeon.
             The game lasted 00:02:59 (896 turns).

monsoonserge the Trooper (Demonspawn Monk)           Turns: 896, Time: 00:02:59

Health: 0/29       AC:  7    Str: 11    XL:     3   Next: 53%
Magic:  3/3        EV:  9    Int: 11    God:
Gold:   119        SH:  0    Dex: 17    Spells: 2/2 levels left

rFire   . . .        a - +0 falchion
rCold   . . .        (no shield)
rNeg    . . .        d - +0 scale mail
rPois   +            j - +0 helmet
rElec   .            (no cloak)
rCorr   .            (no gloves)
SInv    +            (no boots)
Will    .....        (no amulet) Stlth
                     g - ring of see invisible
HPRegen 0.24/turn    r - ring of poison resistance
MPRegen 0.08/turn

%: no passive effects
@: no status effects
A: powered by death 1, demonic touch 1
a: no special abilities


You were on level 2 of the Dungeon.
You visited 1 branch of the dungeon, and saw 2 of its levels.

You collected 119 gold pieces.

Inventory:

Hand Weapons
 a - a +0 falchion (weapon)
 i - a +0 short sword
Missiles
 b - 6 boomerangs (quivered)
 k - 5 poisoned darts
 m - a throwing net
Armour
 d - a +0 scale mail (worn)
 e - a +0 leather armour
 j - a +0 helmet (worn)
 s - a +0 chain mail
Jewellery
 g - a ring of see invisible (left hand)
 r - a ring of poison resistance (right hand)
Scrolls
 f - 4 scrolls of magic mapping {unknown}
 h - 2 scrolls of enchant armour {unknown}
 n - a scroll of amnesia {unknown}
 q - a scroll of teleportation {unknown}
Potions
 c - a potion of ambrosia
 l - a potion of heal wounds {unknown}
 o - a potion of degeneration {unknown}
 p - a potion of flight {unknown}


   Skills:
 + Level 3.3 Fighting
 + Level 3.2 Long Blades
 + Level 1.0 Armour
 + Level 3.1 Dodging


You had 2 spell levels left.
You didn't know any spells.
Your spell library was empty.

Dungeon Overview and Level Annotations

Branches:
Dungeon (2/15)

Altars:

Annotations:
D:2 Terence


Innate Abilities, Weirdness & Mutations

You regenerate a little health from kills.
Your touch may inflict minor irresistible damage on your foes.


Message History

The ball python closely misses you.
The frilled lizard bites you but does no damage.
The ball python bites you but does no damage.
The ball python closely misses you. Terence attacks as you move away!
Terence barely misses you. Terence attacks as you move away!
Terence hits you with a +2 flail of protection!
The ball python attacks as you move away!
The ball python completely misses you. Terence attacks as you move away!
Terence hits you with a +2 flail of protection.
The ball python bites you but does no damage.
The ball python grabs you. The ball python constricts you.
The ball python's grasp on you weakens, but your attempt to escape fails.
The ball python bites you but does no damage.
The ball python constricts you.
You escape the ball python's grasp.
You barely miss the ball python. Terence says, "Did you write a will?
You should..."
The ball python barely misses you. The ball python grabs you.
The ball python constricts you.
You hit the ball python.
You kill the ball python!
You barely miss the hobgoblin.
You touch the hobgoblin.
You kill the hobgoblin!
You completely miss Terence.
You touch Terence.
Terence is moderately wounded.
Terence hits you with a +2 flail of protection. x2
You slash Terence!
You touch Terence!
Terence is almost dead.
Terence barely misses you.
You hit Terence but do no damage.
Terence is almost dead.
Terence shouts, "Now you die!"
Terence hits you with a +2 flail of protection.
* * * LOW HITPOINT WARNING * * *
Unknown command.
You hit Terence but do no damage.
Terence is almost dead.
Terence hits you with a +2 flail of protection!
You die...

#........#.#.#
##.##
#..#.#####.#.# #.#
#..#.# #.#.# #.#
#...†## #.#.# #.#
##....# #.... ...
#.###....######.#
## #..........#
#.# ###..##(.###.#
#.#
........l@@..###
.###.##..###......
# #..###.#####
#.l.....####
#...........
##..)....#.#
####.......
......# #..##.#


You could see Terence and a frilled lizard.

Vanquished Creatures
  A worm (D:2)
  A dart slug (D:1)
  5 ball pythons
  4 bats (D:1)
  3 endoplasms
  3 giant cockroaches
  2 goblins (D:1)
  5 hobgoblins
  7 kobolds
  A quokka (D:1)
  4 frilled lizards
  5 rats
41 creatures vanquished.

Notes
Turn   | Place    | Note
-------+----------+-------------------------------------------
     0 | D:1      | monsoonserge the Demonspawn Monk began the quest for the
                  | Orb.
     0 | D:1      | Reached XP level 1. HP: 18/18 MP: 1/1
   143 | D:1      | Gained mutation: You regenerate a little health from kills.
                  | [demonic ancestry]
   143 | D:1      | Reached XP level 2. HP: 12/24 MP: 2/2
   462 | D:1      | Gained mutation: Your touch may inflict minor irresistible
                  | damage on your foes. [demonic ancestry]
   462 | D:1      | Reached XP level 3. HP: 29/29 MP: 3/3
   835 | D:2      | Reached skill level 1 in Armour
   878 | D:2      | Noticed Terence
   896 | D:2      | Slain by Terence

Illustrated notes

Levels and vault maps discovered:
D:1:      lightli_arrival_lavapool, layout_basic, minmay_pentomino_z4
D:2:      layout_loops_ring, uniq_terence, uniq_sigmund

Skill      XL: |  1  2  3 |
---------------+----------+-----
Dodging        | 3 |  3.1
Long Blades    | 3 |  3.2
Armour         | 1 |  1.0
Fighting       | |  3.3

Action                     || total
---------------------------++-------
  Melee: Falchion          ||    89
         Touch             ||    10
 Armour: Leather armour    ||    15
         Robe              ||     1
         Scale mail        ||    12
  Dodge: Dodged            ||    66
